[Event "Wuerttemberg Rapid Teams 2024"]
[Site "B?blingen, Germany"]
[Date "2024.04.13"]
[Round "3.28"]
[White "Guenter, Alexander"]
[Black "Ameln, Till"]
[Result "*"]
[ECO "D02"]
[WhiteElo "1997"]
[BlackElo "1887"]
[Annotator "TA"]
[PlyCount "40"]
[EventDate "2024.04.13"]
[EventType "team-tourn"]
[SourceTitle "playchess.com"]
[Source "ChessBase"]
[SourceQuality "1"]
[TimeControl "900+5"]

1. Nf3 c6 2. g3 d5 3. d4 Nf6 4. Bg2 Bf5 5. c3 e6 6. O-O Be7 7. Bg5 Ne4 8. Bxe7 Qxe7 {[%emt 0:00:01] The position is equal.} 9. Nbd2 O-O 10. Ne5 Nxd2 11. Qxd2 f6 12. Nd3 Nd7 13. Rae1 e5 14. e4 dxe4 15. Bxe4 Bxe4 16. Rxe4 Qd6 (16... f5 $11 17. Re2 e4) 17. Rd1 (17. Qe2 $16) 17... exd4 (17... Qd5 $11 18. f3 Qxa2) 18. Rxd4 (18. Qe2 $5 Qd5 (18... dxc3 $2 19. Ne1 $18) 19. b3 $16 (19. Rxd4 Qf7 $14) (19. cxd4 f5 $16)) 18... Qc7 19. Nf4 {[%emt 0:00:07] White is more active.} (19. Re1 $16 {Black must now prevent Re7.} Rf7 20. Rde4) 19... Nc5 $2 {[%emt 0:00:57][%mdl 8192] [#]} (19... Ne5 $11 20. Kg2 Rae8) 20. b4 $18 g5 {[%emt 0:00:33] Weighted Error Value: White=0.29 (precise) /Black=0.54.  Loses game:     	---       	Black=1      Mistake:       	White=2     	Black=2      Inaccurate:     	---       	Black=2      OK:         	White=2     	Black=3      Best:        	White=1     	Black=1} *

[Event "Wuerttemberg Rapid Teams 2024"]
[Site "B?blingen, Germany"]
[Date "2024.04.13"]
[Round "3.29"]
[White "Seitz, Patrick"]
[Black "Koeller, Horst"]
[Result "0-1"]
[ECO "B22"]
[WhiteElo "2125"]
[BlackElo "1831"]
[Annotator "RC"]
[PlyCount "74"]
[EventDate "2024.04.13"]
[EventType "team-tourn"]
[SourceTitle "playchess.com"]
[Source "ChessBase"]
[SourceQuality "1"]
[TimeControl "900+5"]

1. e4 c5 2. Nf3 Nc6 3. c3 Nf6 4. Bd3 e5 5. O-O Be7 6. Re1 O-O 7. Bc2 d5 8. d3 Bg4 9. Nbd2 dxe4 10. dxe4 Qc7 11. Qe2 Rfd8 12. h3 Bh5 13. Nf1 a6 14. g4 Bg6 15. Ng3 b5 16. Bg5 h6 17. Be3 Na5 18. b3 Nc6 19. Nf5 Bf8 20. Rac1 Re8 21. Kh2 Nd8 22. Rg1 Ne6 23. Rg3 Rad8 24. g5 Nh5 25. Rg2 Nhf4 26. Qf1 Nxg2 27. Qxg2 Bxf5 28. exf5 e4+ 29. Kh1 exf3 30. Qg4 Nxg5 31. Bxg5 hxg5 32. f6 Qf4 33. Qxf4 gxf4 34. Rg1 g6 35. h4 Re5 36. Rg4 Rd2 37. Bxg6 Re1+ 0-1

[Event "Wuerttemberg Rapid Teams 2024"]
[Site "B?blingen, Germany"]
[Date "2024.04.13"]
[Round "3.30"]
[White "Narr, Kevin"]
[Black "Lessmeister, Patrick"]
[Result "1-0"]
[ECO "B53"]
[WhiteElo "1977"]
[BlackElo "1834"]
[Annotator "TA"]
[PlyCount "71"]
[EventDate "2024.04.13"]
[EventType "team-tourn"]
[SourceTitle "playchess.com"]
[Source "ChessBase"]
[SourceQuality "1"]
[TimeControl "900+5"]

1. e4 c5 2. Nf3 d6 3. d4 cxd4 4. Qxd4 Nc6 5. Bb5 Bd7 6. Qe3 g6 7. O-O Bg7 8. Rd1 {[%emt 0:00:25] The position is equal.} Qa5 9. c4 a6 10. Bd2 Qc7 11. Bxc6 bxc6 12. Nc3 Nf6 13. h3 O-O 14. Rac1 Be6 15. b3 Nd7 16. Na4 Ne5 (16... c5 $14) 17. Nxe5 $16 Bxe5 18. Qe1 f5 (18... c5 $14) 19. Ba5 Qb7 20. Qe3 (20. exf5 $16 Bxf5 21. g4) 20... fxe4 $14 21. Qxe4 Bf5 22. Qe3 {[%emt 0:00:35] White is more active.} Bd7 $2 (22... Rae8 $14) 23. Qe1 $2 (23. Nc5 $1 $18 dxc5 24. Qxe5) 23... Rf7 $2 {[%emt 0:00:21] [#]} ({Black should play} 23... Bf6 $14) 24. c5 $2 (24. Nc5 $1 $18 Bh2+ 25. Kxh2 dxc5 26. Rd2) 24... Raf8 25. Rc2 Bf5 {[%emt 0:00:28] A strong pair of Bishops.} 26. Re2 Qb5 27. Bc7 (27. Rxe5 {simplifies} dxe5 28. Bc3 Qb8 29. Rd2) 27... Bd3 {[%emt 0:00:31] [#]} 28. Rxe5 dxe5 29. Nc3 Qxc5 {[%emt 0:00:27][%cal Rf7f2] ...Rxf2! is the strong threat.} 30. Rxd3 {[%emt 0:00:12][%cal Oc3e4] Black must now prevent Ne4!} Rxf2 {[%emt 0:00:03] ( -> ...Rf1+)} 31. Kh2 $36 {[%emt 0:00:57][%cal Oc3e4][%mdl 2048] Ne4! would now be deadly. White has strong initiative.} (31. Bxe5 {is a self mate.} Rf1+ (31... Rxa2+ $2 {is the wrong capture.} 32. Bd4 $18) 32. Kh2 Rxe1) (31. Qxe5 $2 Rxg2+ (31... Rxa2+ $2 32. Qxc5 Raf2 33. Qxf2 $18) 32. Kxg2 Qf2+ 33. Kh1 Qf1+ 34. Kh2 Rf2+ (34... Qxd3 35. Qe6+ Rf7 36. Ne4 $17) 35. Kg3 Rg2+ (35... Qxd3+ $2 36. Kxf2 Kf7 37. Qe3 $18) 36. Kh4 g5+ $19 (36... Qxd3 $2 37. Ne4 $19) (36... Qxd3 $2 37. Ne4 $19)) 31... e4 $2 32. Nxe4 $18 Qf5 33. Nxf2 Qxf2 34. Qe6+ Kh8 35. Be5+ Rf6 36. Rd8+ {[%emt 0:00:04] Weighted Error Value: White=0.30/Black=0.68.  Loses game:     	---       	Black=3      Missed win:     	White=2     	---        Mistake:       	White=1     	Black=2      Inaccurate:     	White=2     	Black=4      OK:         	White=11    	Black=10     Best:        	White=3     	Black=1} (36. Qxe7 $142 Qf4+ 37. Bxf4 Rxf4 38. Rd8+ Rf8 39. Rxf8#) 1-0

[Event "Wuerttemberg Rapid Teams 2024"]
[Site "B?blingen, Germany"]
[Date "2024.04.13"]
[Round "3.31"]
[White "Sulzbacher, Kurt"]
[Black "Mi Plaza, Luis Leo Manuel"]
[Result "0-1"]
[ECO "A25"]
[WhiteElo "1976"]
[BlackElo "1413"]
[Annotator "TA"]
[PlyCount "48"]
[EventDate "2024.04.13"]
[EventType "team-tourn"]
[SourceTitle "playchess.com"]
[Source "ChessBase"]
[SourceQuality "1"]
[TimeControl "900+5"]

1. c4 e5 2. Nc3 Nc6 3. g3 f5 4. Bg2 Nf6 5. e3 d5 6. cxd5 (6. Bxd5 Nb4 7. d3 c6 $11) 6... Nb4 7. d3 c6 {[%emt 0:00:03] [#]} ({Better is} 7... Nbxd5 $14 8. Nxd5 Nxd5) 8. dxc6 (8. e4 $1 $16) 8... Nxd3+ $15 9. Ke2 (9. Kf1 $15 e4 10. Nh3) 9... e4 $17 {[%emt 0:00:13] Black is more active.} 10. cxb7 Bxb7 {[%emt 0:00:03] ...Qd7 would now be deadly.} 11. f3 $2 {[%emt 0:00:25][%mdl 8192] Loses the game.} (11. Nh3 $17) 11... Be7 (11... Qb6 $142 12. fxe4 fxe4 (12... Nxb2 $2 13. Qb3 $19)) 12. Qb3 $2 (12. Qa4+ Nd7 13. fxe4) 12... Rb8 13. Qa4+ Kf8 14. fxe4 fxe4 (14... Nc5 $142 15. Qd4 Qb6 (15... Bxe4 16. Nxe4 Qxd4 17. exd4 $16) (15... fxe4 16. Qxd8+ Rxd8 17. Kf1 $17) (15... Nfxe4 16. Bxe4 Nxe4 17. Qxd8+ Bxd8 18. Nxe4 $17)) 15. Nxe4 $2 (15. Kf1) 15... Qd5 {[%emt 0:00:49] [#] And now ...Nb4 would win.} 16. Nxf6 Nxc1+ (16... Qxg2+ $142 17. Kxd3 gxf6 (17... Qxh1 $2 18. Nd7+ Kf7 19. Qc4+ Bd5 20. Qf4+ Bf6 21. Nxb8 $19) 18. Qc4 Rc8 (18... Qxh1 $2 19. Ne2 $19) 19. Qxc8+ Bxc8 20. e4 Qxh1 21. b4 Ba6+ (21... Qxg1 $2 22. Bh6+ Kf7 23. Rxg1 $19) 22. Kc3 Qxe4 (22... Qxg1 $2 23. Bh6+ Kf7 24. Rxg1 $19) 23. Ba3 Qd3+ 24. Kb2 Qd4+ 25. Kc2 Kf7 (25... Qxa1 {gets mated.} 26. Nf3 Kf7 27. Bb2 Rc8+ 28. Kd2 Qxb2+ 29. Ke3 Rc3+ 30. Kf4 Qxb4+ 31. Nd4 Qxd4+ 32. Kf5 Rf3#) 26. Rc1 Rc8+ (26... Bxb4 27. Kb3 Qd3+ 28. Kb2 Bxa3+ 29. Ka1 Qd4+ 30. Rc3 Qxc3+ 31. Kb1 Bd3#) 27. Kb3 Bc4+ 28. Rxc4 Qxc4+ (28... Rxc4 {is a self mate.} 29. Ne2 Qd3+ 30. Kb2 Rc2+ 31. Kb1 Rxe2+ 32. Ka1 Qd1+ 33. Bc1 Qxc1#) 29. Ka4 Rc6 30. h4 Ra6#) 17. Rxc1 $19 Qxg2+ (17... gxf6 $2 {too greedy.} 18. Bxd5 Bxd5 19. Nf3 $18) 18. Ke1 gxf6 19. Qf4 Kf7 {[%emt 0:00:50][%cal Ob7a6] ( -> ...Ba6!)} 20. a3 Qxh1 {[%emt 0:00:12] Black mates.} 21. Qf2 Rbc8 22. Kd2 Rhd8+ 23. Ke2 Ba6+ 24. Rc4 Rxc4 {[%emt 0:00:11] Weighted Error Value: White=1.34/Black=0.72.  Loses game:     	White=1     	---        Mistake:       	White=4     	Black=3      Inaccurate:     	White=1     	---        OK:         	White=2     	Black=2      Best:        	White=1     	Black=2} 0-1

[Event "Wuerttemberg Rapid Teams 2024"]
[Site "B?blingen, Germany"]
[Date "2024.04.13"]
[Round "3.37"]
[White "Mayr, Florian"]
[Black "Li, Yunqi"]
[Result "1-0"]
[ECO "A41"]
[WhiteElo "2077"]
[BlackElo "1940"]
[Annotator "RC"]
[PlyCount "69"]
[EventDate "2024.04.13"]
[EventType "team-tourn"]
[SourceTitle "playchess.com"]
[Source "ChessBase"]
[SourceQuality "1"]
[TimeControl "900+5"]

1. d4 d6 2. c4 c6 3. Nc3 g6 4. e4 h5 5. Nf3 Bg7 6. Be2 Nd7 7. Be3 Ngf6 8. h3 Qc7 9. O-O e5 10. b4 O-O 11. d5 a5 12. a3 Ne8 13. Nd2 f5 14. f3 f4 15. Bf2 g5 16. Nb3 axb4 17. axb4 Rxa1 18. Qxa1 Ndf6 19. Qa5 Qf7 20. c5 g4 21. fxg4 hxg4 22. hxg4 Bxg4 23. Bxg4 Nxg4 24. Nd2 Qg6 25. Nf3 cxd5 26. cxd6 dxe4 27. Qd5+ Kh8 28. Nxe4 Nxf2 29. Kxf2 Nf6 30. Rh1+ Bh6 31. Nxf6 Qxf6 32. Nxe5 Kg7 33. d7 Bg5 34. Qxb7 Qxe5 35. d8=Q+ 1-0

[Event "Wuerttemberg Rapid Teams 2024"]
[Site "B?blingen, Germany"]
[Date "2024.04.13"]
[Round "3.38"]
[White "Eitel, Lukas"]
[Black "Bodriyenko, Markiyan"]
[Result "1/2-1/2"]
[ECO "A80"]
[WhiteElo "1825"]
[BlackElo "1728"]
[Annotator "NA RC COMBH"]
[PlyCount "81"]
[EventDate "2024.04.13"]
[EventType "team-tourn"]
[SourceTitle "playchess.com"]
[Source "ChessBase"]
[SourceQuality "1"]
[TimeControl "900+5"]

1. d4 f5 2. h3 d5 3. Nf3 Nf6 4. c4 Be6 5. cxd5 Nxd5 6. Nc3 c6 7. Qb3 Qc8 8. Qc2 h6 9. a3 Nd7 10. e3 N7f6 11. Bd3 g5 12. Ne5 Nxc3 13. bxc3 Ne4 14. Bxe4 fxe4 15. Qxe4 Bf5 16. Qf3 Bg7 17. Qh5+ Kd8 18. Nf7+ Kd7 19. Nxh8 Qxh8 20. O-O Rf8 21. Re1 Qh7 22. Qe2 Bd3 23. Qa2 h5 24. e4 g4 25. Qd2 Bxe4 26. Qe3 Bd5 27. Qxe7+ Kc8 28. h4 Qf5 29. Re2 g3 30. Be3 Bh6 31. Bxh6 gxf2+ 32. Kf1 Bxg2+ 33. Kxg2 f1=Q+ 34. Rxf1 Qxf1+ 35. Kh2 Rf2+ 36. Rxf2 Qxf2+ 37. Kh3 Qf3+ 38. Kh2 Qf2+ 39. Kh3 Qf3+ 40. Kh2 Qf2+ 41. Kh3 1/2-1/2

[Event "Wuerttemberg Rapid Teams 2024"]
[Site "B?blingen, Germany"]
[Date "2024.04.13"]
[Round "3.40"]
[White "Merkel, Philip"]
[Black "Retzlaff, Nick"]
[Result "0-1"]
[ECO "B22"]
[WhiteElo "1726"]
[BlackElo "1707"]
[Annotator "NA RC COMBH"]
[PlyCount "104"]
[EventDate "2024.04.13"]
[EventType "team-tourn"]
[SourceTitle "playchess.com"]
[Source "ChessBase"]
[SourceQuality "1"]
[TimeControl "900+5"]

1. e4 c5 2. c3 e6 3. d4 cxd4 4. cxd4 Nc6 5. Nc3 d5 6. e5 Nge7 7. f4 Nf5 8. Nf3 Bb4 9. a3 Ba5 10. b4 Bb6 11. Ne2 O-O 12. Bb2 Ne3 13. Qd3 Nc4 14. Ng5 g6 15. Qh3 h5 16. Bc3 f6 17. Nxe6 Qe7 18. f5 Bxe6 19. fxe6 fxe5 20. dxe5 d4 21. Nxd4 Nxd4 22. Bxc4 Nc2+ 23. Ke2 Rf2+ 24. Kd1 Rd8+ 25. Kc1 Qg5+ 26. Kb1 Qe7 27. Rf1 Nxa1 28. Rxf2 Rd1+ 29. Kb2 Bxf2 30. Qf3 Rd8 31. Qxf2 Rc8 32. Qf7+ Qxf7 33. exf7+ Kf8 34. Bd5 b5 35. e6 Ke7 36. Bd2 Rc2+ 37. Kb1 Rxd2 38. Kxa1 Rxd5 39. Kb2 Rf5 40. Kc3 Kxe6 41. Kd4 Rxf7 42. Kc5 Rf5+ 43. Kc6 Rf2 44. Kxb5 Rxg2 45. a4 Kd6 46. Ka6 Ra2 47. a5 Kc6 48. b5+ Kc5 49. h3 g5 50. h4 gxh4 51. b6 axb6 52. Kb7 Rxa5 0-1

[Event "Wuerttemberg Rapid Teams 2024"]
[Site "B?blingen, Germany"]
[Date "2024.04.13"]
[Round "4.1"]
[White "Zuferi, Enis"]
[Black "Koelle, Tobias"]
[Result "1-0"]
[ECO "D38"]
[WhiteElo "2406"]
[BlackElo "2467"]
[Annotator "RC"]
[PlyCount "95"]
[EventDate "2024.04.13"]
[EventType "team-tourn"]
[SourceTitle "playchess.com"]
[Source "ChessBase"]
[SourceQuality "1"]
[TimeControl "900+5"]

1. d4 Nf6 2. c4 e6 3. Nf3 d5 4. Nc3 Bb4 5. Bg5 h6 6. Bxf6 Qxf6 7. Qa4+ Nc6 8. e3 O-O 9. Rc1 Rd8 10. Be2 dxc4 11. Qb5 Bd6 12. Qxc4 Qg6 13. O-O e5 14. d5 Ne7 15. Nb5 Bd7 16. Nxd6 cxd6 17. Nd2 Rac8 18. Qb3 b6 19. e4 Qg5 20. Qe3 Qh4 21. Ba6 Rc5 22. b4 Rxc1 23. Rxc1 Bc8 24. g3 Qg5 25. Qxg5 hxg5 26. Bd3 Bh3 27. Ba6 Bc8 28. Be2 Bh3 29. g4 Ng6 30. f3 Nf4 31. Ba6 Rd7 32. Rc8+ Kh7 33. Bb5 Re7 34. Nc4 Ne2+ 35. Kf2 Nd4 36. Bc6 f5 37. gxf5 g4 38. fxg4 Bxg4 39. Be8 Kh6 40. Bg6 Kg5 41. Nxd6 Kf4 42. h4 Nf3 43. h5 Nd2 44. Rc2 Nf3 45. h6 gxh6 46. f6 Rd7 47. f7 Rd8 48. Ne8 1-0

[Event "Wuerttemberg Rapid Teams 2024"]
[Site "B?blingen, Germany"]
[Date "2024.04.13"]
[Round "4.2"]
[White "Huber, Philipp"]
[Black "Deuer, Marius"]
[Result "0-1"]
[ECO "D00"]
[WhiteElo "2306"]
[BlackElo "2439"]
[Annotator "RC"]
[PlyCount "64"]
[EventDate "2024.04.13"]
[EventType "team-tourn"]
[SourceTitle "playchess.com"]
[Source "ChessBase"]
[SourceQuality "1"]
[TimeControl "900+5"]

1. d4 Nf6 2. Bg5 d5 3. Bxf6 exf6 4. e3 Be6 5. Ne2 Nd7 6. Nf4 Bd6 7. Nxe6 fxe6 8. Qg4 Kf7 9. c4 c6 10. Nc3 f5 11. Qf3 Nf6 12. h3 h5 13. c5 Bc7 14. Bd3 b6 15. cxb6 axb6 16. Ke2 g5 17. g4 hxg4 18. hxg4 fxg4 19. Qg2 c5 20. Nb5 Qd7 21. a4 cxd4 22. exd4 Bf4 23. Rxh8 Rxh8 24. Rh1 Rh4 25. f3 g3 26. Rxh4 gxh4 27. Qh3 Qc8 28. Nc3 Qg8 29. Kf1 Qg5 30. Ne2 Bd6 31. Ba6 Qe3 32. Qg2 h3 0-1

[Event "Wuerttemberg Rapid Teams 2024"]
[Site "B?blingen, Germany"]
[Date "2024.04.13"]
[Round "4.3"]
[White "Degenhard, Simon"]
[Black "Kocharin, Timur"]
[Result "1-0"]
[ECO "D41"]
[WhiteElo "2204"]
[BlackElo "2250"]
[Annotator "RC"]
[PlyCount "107"]
[EventDate "2024.04.13"]
[EventType "team-tourn"]
[SourceTitle "playchess.com"]
[Source "ChessBase"]
[SourceQuality "1"]
[TimeControl "900+5"]

1. d4 Nf6 2. c4 e6 3. Nf3 d5 4. g3 Be7 5. Bg2 O-O 6. Nc3 c5 7. dxc5 Bxc5 8. cxd5 Nxd5 9. Nxd5 exd5 10. O-O Nc6 11. a3 Bf5 12. b4 Bb6 13. Bb2 Be4 14. Nd4 Re8 15. Nxc6 bxc6 16. Rc1 Qd7 17. e3 a5 18. Bd4 Bxd4 19. Qxd4 axb4 20. axb4 Rab8 21. Rfd1 Bxg2 22. Kxg2 h5 23. h4 g6 24. Rc5 Re6 25. e4 Qb7 26. exd5 cxd5 27. b5 Rb6 28. Rb1 Rd8 29. Kh2 Rbd6 30. Rbc1 Qb6 31. Kg1 R6d7 32. Qd3 Rb8 33. Rxd5 Rxd5 34. Qxd5 Qf6 35. Rc6 Qa1+ 36. Kh2 Kg7 37. b6 Qb2 38. Qc5 Rb7 39. Kg2 Rb8 40. Qd6 Rb7 41. Rc8 Qxb6 42. Qf8+ Kf6 43. Rd8 Qc6+ 44. Kh2 Rd7 45. Qh8+ Kf5 46. Re8 Rd5 47. Rc8 Qb6 48. Rc2 Rc5 49. Re2 Qd6 50. Qe8 Re5 51. Qc8+ Kf6 52. Qc3 Ke6 53. Ra2 Kf6 54. f4 1-0

[Event "Wuerttemberg Rapid Teams 2024"]
[Site "B?blingen, Germany"]
[Date "2024.04.13"]
[Round "4.4"]
[White "Tschlatscher, Thomas"]
[Black "Junesch, Gerhard"]
[Result "0-1"]
[ECO "A05"]
[WhiteElo "2217"]
[BlackElo "2267"]
[Annotator "RC"]
[PlyCount "82"]
[EventDate "2024.04.13"]
[EventType "team-tourn"]
[SourceTitle "playchess.com"]
[Source "ChessBase"]
[SourceQuality "1"]
[TimeControl "900+5"]

1. b3 b6 2. Bb2 Bb7 3. Nf3 Nf6 4. d4 c5 5. e3 e6 6. Be2 Be7 7. dxc5 bxc5 8. O-O O-O 9. c4 d6 10. Nc3 Nbd7 11. Qc2 Qc7 12. Rad1 Rfd8 13. Ng5 Nf8 14. Bf3 Ne8 15. Bxb7 Qxb7 16. Nf3 Bf6 17. e4 Ng6 18. Rfe1 Rd7 19. Na4 Bxb2 20. Qxb2 Rad8 21. Qe2 Nf4 22. Qe3 e5 23. Rd2 Ne6 24. g3 N8c7 25. Nc3 Nd4 26. Nd5 Rf8 27. Nxd4 cxd4 28. Qg5 f6 29. Qg4 Nxd5 30. exd5 Re7 31. f4 a5 32. Kg2 Rfe8 33. f5 a4 34. Rb1 Rb8 35. Qe4 Rc7 36. g4 Rxc4 37. bxc4 Qxb1 38. Qe2 h6 39. Kh3 a3 40. c5 dxc5 41. Qc4 Qb4 0-1

[Event "Wuerttemberg Rapid Teams 2024"]
[Site "B?blingen, Germany"]
[Date "2024.04.13"]
[Round "4.5"]
[White "Oberst, Thomas"]
[Black "Peng, Xiang-Tobias"]
[Result "0-1"]
[ECO "B30"]
[WhiteElo "2227"]
[BlackElo "2187"]
[Annotator "RC"]
[PlyCount "92"]
[EventDate "2024.04.13"]
[EventType "team-tourn"]
[SourceTitle "playchess.com"]
[Source "ChessBase"]
[SourceQuality "1"]
[TimeControl "900+5"]

1. e4 c5 2. Nf3 Nc6 3. Bb5 Na5 4. c3 a6 5. Ba4 b5 6. Bc2 e6 7. d4 Bb7 8. dxc5 Nf6 9. e5 Nd5 10. O-O Be7 11. b4 Nc4 12. Bb3 a5 13. Bxc4 bxc4 14. Bd2 O-O 15. Qc1 f6 16. Na3 Qc7 17. Nb5 Qc8 18. Nd6 Bxd6 19. exd6 e5 20. Qc2 Qc6 21. Qe4 axb4 22. cxb4 Qb5 23. Rfc1 c3 24. Be3 Nf4 25. Qc2 Ne2+ 26. Kh1 Nxc1 27. Rxc1 Qc4 28. Qxc3 Qxc3 29. Rxc3 Rxa2 30. Rb3 Ra1+ 31. Ng1 Rfa8 32. h3 f5 33. f4 R8a2 34. b5 Bxg2+ 35. Kh2 Bd5+ 36. Kg3 Bxb3 37. c6 dxc6 38. d7 Rd1 39. bxc6 Ba4 40. fxe5 Bxc6 41. e6 Bxd7 42. exd7 Rxd7 43. Kf4 g6 44. Nf3 Ra4+ 45. Kg3 Rd3 46. Bc5 Rc4 0-1

[Event "Wuerttemberg Rapid Teams 2024"]
[Site "B?blingen, Germany"]
[Date "2024.04.13"]
[Round "4.6"]
[White "Namyslo, Holger"]
[Black "Ramirez Marin, Ivan"]
[Result "0-1"]
[ECO "B30"]
[WhiteElo "2125"]
[BlackElo "2271"]
[Annotator "RC"]
[PlyCount "70"]
[EventDate "2024.04.13"]
[EventType "team-tourn"]
[SourceTitle "playchess.com"]
[Source "ChessBase"]
[SourceQuality "1"]
[TimeControl "900+5"]

1. e4 c5 2. Nf3 Nc6 3. b4 cxb4 4. d4 d5 5. exd5 Qxd5 6. c4 bxc3 7. Nxc3 Qa5 8. d5 e6 9. Qd2 Bb4 10. Bb2 Nf6 11. dxc6 Ne4 12. Nxe4 Bxd2+ 13. Nexd2 bxc6 14. Bc4 Rb8 15. Be5 Rb7 16. O-O f6 17. Bg3 Ke7 18. Rfe1 Rd8 19. Nb3 Qb6 20. h4 h5 21. Rab1 Kf8 22. Bxe6 c5 23. Bxc8 Rxc8 24. Nbd2 Qa6 25. Bd6+ Kg8 26. Rxb7 Qxb7 27. Nc4 Qa6 28. Nfd2 Qxa2 29. Re7 a5 30. Ra7 a4 31. Bf4 Qc2 32. Nd6 Rb8 33. N2c4 Rb4 34. Ne8 Qxc4 35. Bd6 Rb1+ 0-1

[Event "Wuerttemberg Rapid Teams 2024"]
[Site "B?blingen, Germany"]
[Date "2024.04.13"]
[Round "4.7"]
[White "Schulze, Andreas"]
[Black "Schnepp, Gunnar"]
[Result "1-0"]
[ECO "D85"]
[WhiteElo "2080"]
[BlackElo "2233"]
[Annotator "RC"]
[PlyCount "77"]
[EventDate "2024.04.13"]
[EventType "team-tourn"]
[SourceTitle "playchess.com"]
[Source "ChessBase"]
[SourceQuality "1"]
[TimeControl "900+5"]

1. d4 Nf6 2. c4 g6 3. Nc3 d5 4. cxd5 Nxd5 5. e4 Nxc3 6. bxc3 Bg7 7. Nf3 O-O 8. Be3 c5 9. Be2 cxd4 10. cxd4 b6 11. O-O Bb7 12. Qb1 Nd7 13. a4 Nf6 14. Nd2 Bc6 15. d5 Bd7 16. h3 Ne8 17. Ra2 e6 18. a5 exd5 19. axb6 axb6 20. Bxb6 Qb8 21. Rxa8 Qxa8 22. Bc5 Nf6 23. Bxf8 Qxf8 24. e5 Ne8 25. Qb7 Be6 26. Nf3 Qa3 27. Qb8 Bd7 28. Qd8 Qa4 29. Rb1 Bf8 30. Rb7 Bc6 31. Rb8 Qa3 32. Qc8 Ba4 33. e6 Qe7 34. Ra8 Nd6 35. Qb8 Bc6 36. Ra6 Qxe6 37. Nd4 Qe5 38. Nxc6 Qxe2 39. Ra8 1-0

[Event "Wuerttemberg Rapid Teams 2024"]
[Site "B?blingen, Germany"]
[Date "2024.04.13"]
[Round "4.8"]
[White "Birkenmaier, Rainer"]
[Black "Geshnizjani, Ramin"]
[Result "1-0"]
[ECO "D03"]
[WhiteElo "2111"]
[BlackElo "2137"]
[Annotator "RC"]
[PlyCount "55"]
[EventDate "2024.04.13"]
[EventType "team-tourn"]
[SourceTitle "playchess.com"]
[Source "ChessBase"]
[SourceQuality "1"]
[TimeControl "900+5"]

1. d4 d5 2. Nf3 Nf6 3. c3 e6 4. Bg5 Be7 5. Nbd2 Nbd7 6. e3 O-O 7. Bd3 c5 8. O-O Qc7 9. Qe2 e5 10. dxe5 Nxe5 11. Nxe5 Qxe5 12. Nf3 Qe6 13. h3 Bd7 14. Rfe1 Bc6 15. Rad1 Rad8 16. Qc2 h6 17. Bf5 hxg5 18. Bxe6 fxe6 19. Nxg5 Rd6 20. f4 Ne4 21. Nxe4 dxe4 22. Rxd6 Bxd6 23. Rd1 Bc7 24. g4 g5 25. f5 exf5 26. gxf5 Rxf5 27. Rf1 Rd5 28. Qf2 1-0

[Event "Wuerttemberg Rapid Teams 2024"]
[Site "B?blingen, Germany"]
[Date "2024.04.13"]
[Round "4.9"]
[White "Kuklin, Valentin"]
[Black "Kottke, Markus"]
[Result "0-1"]
[ECO "B26"]
[WhiteElo "2367"]
[BlackElo "2218"]
[Annotator "RC"]
[PlyCount "68"]
[EventDate "2024.04.13"]
[EventType "team-tourn"]
[SourceTitle "playchess.com"]
[Source "ChessBase"]
[SourceQuality "1"]
[TimeControl "900+5"]

1. e4 c5 2. Nc3 Nc6 3. g3 g6 4. Bg2 Bg7 5. d3 d6 6. Be3 e6 7. Qd2 Rb8 8. Nge2 b5 9. O-O Nd4 10. Nd1 Ne7 11. Nc1 O-O 12. c3 Ndc6 13. d4 cxd4 14. cxd4 b4 15. d5 exd5 16. exd5 Ne5 17. Bxa7 Rb5 18. Ne3 Bh3 19. Ne2 Bxg2 20. Kxg2 Qa8 21. Bd4 Nxd5 22. f3 Re8 23. a4 Nxe3+ 24. Qxe3 Nxf3 25. axb5 Nh4+ 26. Kf2 Qg2+ 27. Ke1 Rxe3 28. Bxe3 Nf3+ 29. Rxf3 Qxf3 30. b6 Bxb2 31. Ra7 Qxe3 32. Ra8+ Kg7 33. b7 Bc3+ 34. Kd1 Qd2# 0-1

[Event "Wuerttemberg Rapid Teams 2024"]
[Site "B?blingen, Germany"]
[Date "2024.04.13"]
[Round "4.10"]
[White "Hofer, Markus"]
[Black "Vujic, Branimir"]
[Result "0-1"]
[ECO "D60"]
[WhiteElo "2047"]
[BlackElo "2218"]
[Annotator "RC"]
[PlyCount "104"]
[EventDate "2024.04.13"]
[EventType "team-tourn"]
[SourceTitle "playchess.com"]
[Source "ChessBase"]
[SourceQuality "1"]
[TimeControl "900+5"]

1. d4 d5 2. c4 e6 3. Nc3 Nf6 4. Bg5 Be7 5. e3 O-O 6. Nf3 Nbd7 7. Bd3 dxc4 8. Bxc4 a6 9. a4 c5 10. O-O h6 11. Bh4 cxd4 12. exd4 Nb6 13. Bb3 Nbd5 14. Re1 b6 15. Nxd5 exd5 16. Ne5 Bb7 17. Rc1 Qd6 18. Re3 Rac8 19. Rec3 Rxc3 20. Rxc3 Rc8 21. Rxc8+ Bxc8 22. Qc2 Be6 23. Nc6 Bf8 24. Bg3 Qd7 25. Nb8 Qe8 26. f3 a5 27. Kf2 Nd7 28. Qc6 Qe7 29. Nxd7 Bxd7 30. Qxb6 Qg5 31. Qxa5 Qc1 32. Qc3 Qa1 33. Bxd5 Qxa4 34. Bb3 Qa1 35. Bc4 Bf5 36. Be5 Bg6 37. d5 Qa7+ 38. Bd4 Qc7 39. g3 h5 40. Kg2 h4 41. Be5 Qd7 42. g4 Qb7 43. h3 Qb6 44. Bd4 Qb8 45. Be5 Qb6 46. Qd4 Bc5 47. Qd2 Be3 48. Qe2 Qc5 49. b4 Qxb4 50. d6 Bb6 51. d7 Qc5 52. Bb5 Qg1# 0-1

[Event "Wuerttemberg Rapid Teams 2024"]
[Site "B?blingen, Germany"]
[Date "2024.04.13"]
[Round "4.12"]
[White "Brettschneider, Karl"]
[Black "Schuh, Bernd-Martin"]
[Result "1/2-1/2"]
[ECO "A34"]
[WhiteElo "1965"]
[BlackElo "1976"]
[Annotator "NA RC"]
[PlyCount "129"]
[EventDate "2024.04.13"]
[EventType "team-tourn"]
[SourceTitle "playchess.com"]
[Source "ChessBase"]
[SourceQuality "1"]
[TimeControl "900+5"]

1. c4 c5 2. Nc3 Nf6 3. g3 d5 4. cxd5 Nxd5 5. Bg2 Nc7 6. Nf3 Nc6 7. O-O e5 8. d3 Be7 9. Be3 Ne6 10. Rc1 Bd7 11. Nd5 Rc8 12. Nxe7 Qxe7 13. Qd2 O-O 14. Ng5 b6 15. Nxe6 Bxe6 16. b3 Nd4 17. f4 Bg4 18. Bxd4 exd4 19. Bf3 Bxf3 20. Rxf3 Rfe8 21. Re1 Qd6 22. e4 dxe3 23. Rfxe3 Qd4 24. Kg2 Kf8 25. Kf3 Rxe3+ 26. Qxe3 Qxe3+ 27. Rxe3 Rd8 28. Ke2 g6 29. Kd2 Rd7 30. Kc3 Rd4 31. Re4 Rxe4 32. dxe4 b5 33. h4 Ke7 34. a3 Ke6 35. Kd3 h6 36. g4 f6 37. Kc3 g5 38. hxg5 hxg5 39. fxg5 fxg5 40. Kd3 Ke5 41. a4 a6 42. Ke3 c4 43. bxc4 bxc4 44. a5 c3 45. Kd3 c2 46. Kxc2 Kxe4 47. Kc3 Kf4 48. Kc4 Kxg4 49. Kc5 Kf4 50. Kb6 g4 51. Kxa6 g3 52. Kb7 g2 53. a6 g1=Q 54. a7 Qb1+ 55. Kc7 Qc2+ 56. Kb7 Qb3+ 57. Kc6 Qa4+ 58. Kb7 Qb5+ 59. Kc7 Qa6 60. Kb8 Qb6+ 61. Ka8 Qd8+ 62. Kb7 Qd7+ 63. Kb8 Ke5 64. a8=Q Kd6 65. Qa6+ 1/2-1/2